 Dungeon Crawl Stone Soup version 0.19.1 (webtiles) character file.

72 empire the Skirmisher (level 4, -3/40 HPs)
             Began as a Draconian Berserker on Dec 12, 2016.
             Was a Believer of Trog.
             Slain by Sigmund
             ... wielding a +0 scythe
              (4 damage)
             ... on level 2 of the Dungeon.
             The game lasted 00:03:32 (1335 turns).

empire the Skirmisher (Draconian Berserker)         Turns: 1335, Time: 00:03:32

Health: -3/40      AC:  5    Str: 20    XL:     4   Next: 7%
Magic:  4/4        EV: 13    Int:  7    God:    Trog [**....]
Gold:   91         SH:  0    Dex: 11    Spells: 0 memorised, 3 levels left

rFire  . . .     SeeInvis .     a - +0 falchion
rCold  . . .     Gourm    .     (armour unavailable)
rNeg   . . .     Faith    .     (no shield)
rPois  .         Spirit   .     (helmet restricted)
rElec  .         Reflect  .     (no cloak)
rCorr  .         Harm     .     (no gloves)
MR     .....                    (no boots)
Stlth  +.........               (no amulet)
                                (no ring)
                                (no ring)

@: lethally poisoned (-3 -> -4), exhausted, slowed, very slow
A: unfitting armour, cold-blooded, AC +5
a: Berserk, Trog's Hand, Burn Spellbooks, Renounce Religion


You were on level 2 of the Dungeon.
You worshipped Trog.
Trog was pleased with you.
You were not hungry.

You visited 1 branch of the dungeon, and saw 2 of its levels.

You collected 91 gold pieces.

Inventory:

Hand Weapons
 a - a +0 falchion (weapon)
Missiles
 h - 59 arrows
Armour
 g - a +0 large shield
Jewellery
 o - an uncursed amulet of harm {unknown}
Scrolls
 e - a scroll of enchant armour {unknown}
 f - 2 scrolls of identify {unknown}
 i - 2 scrolls of fear {unknown}
 k - a scroll of remove curse {unknown}
 l - a scroll of recharging {unknown}
 n - a scroll of fog {unknown}
Potions
 j - a potion of ambrosia {unknown}
 m - a potion of cure mutation {unknown}
 p - a potion of invisibility {unknown}
Comestibles
 b - 5 bread rations
 d - 2 meat rations


   Skills:
 + Level 4.1 Fighting
 + Level 3.4 Long Blades
 + Level 3.6 Dodging


You had 3 spell levels left.
You didn't know any spells.

Dungeon Overview and Level Annotations

Branches:
Dungeon (2/15)

Altars:
Nemelex Xobeh
Xom

Annotations:
D:2 Sigmund


Innate Abilities, Weirdness & Mutations

Your plain brown scales are hard. (AC +5)
You cannot fit into any form of body armour.
You are cold-blooded and may be slowed by cold attacks.


Message History

You feel stronger.
The leopard gecko bites you but does no damage.
You closely miss the leopard gecko.
The leopard gecko bites you but does no damage.
Something hits you.
* * * LOW HITPOINT WARNING * * *
You closely miss the leopard gecko.
The leopard gecko bites you but does no damage.
You slash the leopard gecko!
You kill the leopard gecko!
Trog accepts your kill. Something hits you!
* * * LOW HITPOINT WARNING * * *
You are no longer berserk.
You are exhausted.
You feel yourself slow down.
* * * LOW HITPOINT WARNING * * *
You feel sick. Something hits you.
You die...

...#_##...........#.#
#..#..............#.#
#..#.##...........#.#
#..#.##...........#.#
+..#.##...........#.#
#..#.##...........#.#
#..#.##.....).....#.#
.###+###..#.####+####'####
.........g..@............#
.........)#†###..#####.###.#
.##.###.#........# #.###.# #
#.#.#......# #..##.##
....#.###..# #.......
...#.#.# .# #...#.##
###.#.#.# # #.#.#.## #.....#
#####.#.#.## #..)###
..........##


You could see a hobgoblin.

Vanquished Creatures
  2 adders (D:2)
  3 oozes (D:1)
  2 worms (D:2)
  A dart slug (D:2)
  A leopard gecko (D:2)
  A giant cockroach (D:2)
  3 goblins (D:1)
  4 hobgoblins
  3 jackals (D:1)
  A ball python (D:1)
  4 bats (D:1)
  5 kobolds
  5 rats
35 creatures vanquished.

Notes
Turn   | Place    | Note
-------+----------+-------------------------------------------
     0 | D:1      | empire the Draconian Berserker began the quest for the Orb.
     0 | D:1      | Reached XP level 1. HP: 19/19 MP: 1/1
   163 | D:1      | Reached XP level 2. HP: 25/26 MP: 2/2
   436 | D:1      | Reached XP level 3. HP: 32/33 MP: 3/3
   829 | D:2      | Reached skill level 4 in Fighting
  1160 | D:2      | Found a shimmering altar of Xom.
  1162 | D:2      | Found a shadowy altar of Dithmenos.
  1162 | D:2      | Found a hide-covered altar of Uskayaw.
  1164 | D:2      | Found a blossoming altar of Fedhas.
  1164 | D:2      | Found a white marble altar of Elyvilon.
  1164 | D:2      | Found a shimmering altar of Xom.
  1253 | D:2      | Reached ** piety under Trog
  1302 | D:2      | Found a sparkling altar of Nemelex Xobeh.
  1315 | D:2      | Noticed Sigmund
  1330 | D:2      | Reached XP level 4. HP: 12/40 MP: 4/4
  1333 | D:2      | HP: 3/60 [something (7)]
  1334 | D:2      | HP: 1/40 [poisoned by an adder]
  1335 | D:2      | Slain by Sigmund

Skill      XL: |  1  2  3 |
---------------+----------+-----
Dodging        | 3 |  3.6
Fighting       | 4 |  4.1
Long Blades    | |  3.4

Action                   |  1- 3 |  4- 6 || total
-------------------------+-------+-------++-------
Melee: Falchion          |    91 |     3 ||    94
       Tailslap          |    15 |       ||    15
  Use: Potion            |     2 |       ||     2
  Eat: Chunk             |     1 |       ||     1
Armor: Skin              |    20 |     3 ||    23
Dodge: Dodged            |    65 |       ||    65
       Rpst.: Falchion   |    20 |       ||    20
